 Dungeon Crawl Stone Soup version 0.29.1-13-g9f3cf754e1 (webtiles) character file.

Game seed: 714271566854378433

8841 khekkus the Destroyer (level 11, -5/60 HPs)
             Began as a Deep Elf Conjurer on Jan 27, 2023.
             Slain by an eight-headed hydra (15 damage)
             ... on level 9 of the Dungeon.
             The game lasted 00:50:59 (11062 turns).

khekkus the Destroyer (Deep Elf Conjurer)          Turns: 11062, Time: 00:51:01

Health: -5/60      AC:  5    Str:  6    XL:     11   Next: 15%
Magic:  6/36       EV: 14    Int: 32    God:
Gold:   455        SH:  0    Dex: 13    Spells: 16/30 levels left

rFire   . . .      SeeInvis .   t - +4 quarterstaff (chaos)
rCold   . . .      Faith    .   (shield currently unavailable)
rNeg    . . .      Spirit   .   C - +1 robe {Will+}
rPois   .          Reflect  .   x - +0 helmet
rElec   .          Harm     .   l - scarf {repulsion}
rCorr   .          Rampage  .   (no gloves)
Will    ++...                   z - +0 pair of boots
Stlth   ++........              m - amulet of the acrobat
HPRegen 0.20/turn               c - ring of magical power
MPRegen 0.25/turn               f - +6 ring of intelligence

@: repel missiles
A: no striking features
a: no special abilities


You were on level 9 of the Dungeon.
You visited 2 branches of the dungeon, and saw 10 of its levels.
You also visited: Bailey.

You collected 455 gold pieces.

Inventory:

Hand Weapons
 t - a +4 quarterstaff of chaos (weapon)
 I - a +2 dagger of venom
Missiles
 p - 4 atropa-tipped darts (quivered)
Armour
 l - a scarf of repulsion (worn)
 u - a +2 cloak
 x - a +0 helmet (worn)
 z - a +0 pair of boots (worn)
 C - a +1 robe of willpower (worn)
 K - +0 steam dragon scales
 M - the +2 robe of Indemnity {Int+2}
   (You found it on level 8 of the Dungeon)

   Int:       It affects your intelligence (+2).
Magical Staves
 G - a staff of air
Jewellery
 c - a ring of magical power (left hand)
 f - a +6 ring of intelligence (right hand)
 g - an amulet of faith
 m - an amulet of the acrobat (around neck)
 n - a ring of protection from cold
 D - an amulet of magic regeneration
 H - an amulet of reflection
Wands
 o - a wand of digging (7)
 y - a wand of flame (33)
 J - a wand of mindburst (13)
 L - a wand of acid (6)
Scrolls
 i - a scroll of poison
 j - 5 scrolls of enchant weapon
 q - 2 scrolls of immolation
 r - 2 scrolls of butterflies
 v - a scroll of magic mapping
 w - 4 scrolls of teleportation
Potions
 a - a potion of ambrosia
 b - a potion of magic
 d - a potion of invisibility
 h - 3 potions of might
 k - 3 potions of curing
 s - 2 potions of cancellation
 A - 2 potions of haste
 B - a potion of heal wounds {unknown}
 E - a potion of mutation {unknown}
 F - 2 potions of brilliance {unknown}
 N - a potion of berserk rage {unknown}


   Skills:
 + Level 3.7 Fighting
 - Level 2.0 Short Blades
 + Level 6.6 Staves
 + Level 6.5 Dodging
 - Level 2.4 Stealth
 + Level 10.1 Spellcasting
 * Level 12.1 Conjurations
 - Level 6.0 Hexes
 - Level 5.0 Translocations


You had 16 spell levels left.
You knew the following spells:

 Your Spells              Type           Power      Damage    Failure   Level
a - Magic Dart            Conj           100%       1d8       1%          1
b - Searing Ray           Conj           100%       2d8       1%          2
c - Dazzling Flash        Conj/Hex       100%       N/A       1%          3
d - Fulminant Prism       Conj/Hex       32%        3d16      1%          4
e - Iskenderun's Mystic   Conj/Tloc      63%        2d13      1%          4

Your spell library contained the following spells:

 Spells                   Type           Power      Damage    Failure   Level
 Beastly Appendage        Tmut           32%        N/A       3%          1
 Wereblood                Tmut           16%        N/A       4%          2
 Spider Form              Tmut/Pois      16%        N/A       9%          3


Dungeon Overview and Level Annotations

Branches:
Dungeon (9/15)             Temple (1/1) D:5          Bailey (visited)
   Lair: D:8-11         Orc: D:9-12

Altars:
Cheibriados
Dithmenos
Fedhas
Gozag
Hepliaklqana
Kikubaaqudgha
Makhleb
Nemelex Xobeh
Okawaru
Qazlal
Ru
Sif Muna
Trog
Uskayaw
Wu Jian
Xom
Yredelemnul
Zin
The Shining One

Shops:
D:8 (   D:9 [


Message History

The eight-headed hydra bites your fulminant prism! x3
Your fulminant prism detonates feebly.
Casting: Fulminant Prism (dangerous; 1% risk of failure)
Confirm with . or Enter, or press ? or * to list all spells.
Aiming: Searing Ray (safe; 1% risk of failure)
Press: ? - help, Shift-Dir - straight line, f - eight-headed hydra
Aim: an eight-headed hydra (heavily wounded, 94% to hit)
The searing ray hits the eight-headed hydra.
The eight-headed hydra is heavily wounded. (Press . to maintain the ray.)
The searing ray hits the eight-headed hydra.
The eight-headed hydra is heavily wounded.
The searing ray hits the eight-headed hydra!
The eight-headed hydra is severely wounded.
Casting: Searing Ray (safe; 1% risk of failure)
Confirm with . or Enter, or press ? or * to list all spells.
Casting: Dazzling Flash (safe; 1% risk of failure)
Press: ? - help, Dir - look around, f - activate The eight-headed hydra is dazzled.
The eight-headed hydra bites you!
The eight-headed hydra completely misses you.
The eight-headed hydra bites you. x2; The eight-headed hydra bites you!
The eight-headed hydra closely misses you.
The eight-headed hydra misses you.
The eight-headed hydra closely misses you.
Casting: Dazzling Flash (safe; 1% risk of failure)
Confirm with . or Enter, or press ? or * to list all spells.
Aiming: Searing Ray (safe; 1% risk of failure)
Press: ? - help, Shift-Dir - straight line, f - eight-headed hydra
Aim: an eight-headed hydra (severely wounded, blind, 94% to hit)
The searing ray hits the eight-headed hydra!
The eight-headed hydra is almost dead. (Press . to maintain the ray.)
The eight-headed hydra barely misses you.
The eight-headed hydra bites you. The eight-headed hydra bites you!
* * * LOW HITPOINT WARNING * * *
The eight-headed hydra closely misses you. x2
The eight-headed hydra bites you.
* * * LOW HITPOINT WARNING * * *
The eight-headed hydra misses you. The eight-headed hydra bites you!
You die...

.##._.# #...........## #.#
######.##...# #............#
#.# #.......#≈≈≈#
#............# #.#
#.......#...# #............#
#.# #.......#._.#
#............###.#
#.......#...##
#............#...#
#.......####'#
#...........##.###
#............####....####'###.#
'.).).......'..D@......>..#...#
#...........#####....##.###.###
#...........# #....##.# #...#
..).........# #....##.# ###.#
....)).....## #....##.#####.#
...........# #....##<......###
...........# #....##..........
####.......# #....##.###.#.###
#[####### #....##.# #.#.# #


You could see an eight-headed hydra (blind).

Vanquished Creatures
  A two-headed ogre (D:9)
  A deep elf pyromancer (D:9)
  Maurice (D:8)
  Maggie (D:8)
  3 trolls (D:9)
  Grinder (D:5)
  Prince Ribbit (D:8)
  A wyvern (D:9)
  3 hogs (D:8)
  5 yaks
  Eustachio (D:4)
  2 steam dragons (D:6)
  A basilisk (D:9)
  A vampire mosquito (D:5)
  7 humans
  Menkaure (D:4)
  A water moccasin (D:8)
  Duvessa (D:6)
  An orc warrior (D:9)
  3 black bears
  2 sky beasts
  An ice beast (D:7)
  4 centaurs
  A phantom (D:5)
  A kobold brigand (D:9)
  8 bullfrogs
  A necrophage (D:5)
  3 scorpions
  A wight (D:5)
  3 killer bees (D:8)
  Dowan (D:6)
  A howler monkey (D:8)
  5 hounds
  2 jellies
  Crazy Yiuf (D:3)
  A gnoll bouda (D:4)
  5 orc priests
  2 iguanas (D:5)
  6 orc wizards
  Ijyb (D:4)
  4 gnolls
  7 adders
  A shadow imp (D:6)
  2 white imps
  3 dart slugs
  16 orcs
  10 endoplasms
  4 giant cockroaches
  9 hobgoblins
  5 jackals
  7 quokkas
  3 ball pythons
  2 bats
  A frilled lizard (D:3)
  12 goblins
  14 kobolds
  6 rats
  2 fulminant prisms
195 creatures vanquished.

Vanquished Creatures (others)
  40 fulminant prisms
40 creatures vanquished.

Grand Total: 235 creatures vanquished

Notes
Turn   | Place    | Note
-------+----------+-------------------------------------------
     0 | D:1      | khekkus the Deep Elf Conjurer began the quest for the Orb.
     0 | D:1      | Reached XP level 1. HP: 10/10 MP: 6/6
   254 | D:1      | Reached XP level 2. HP: 15/15 MP: 8/8
   294 | D:1      | Learned a level 2 spell: Searing Ray
   336 | D:1      | Found a faded altar of an unknown god.
   916 | D:2      | Reached XP level 3. HP: 12/19 MP: 10/10
   922 | D:2      | Reached skill level 5 in Conjurations
  1097 | D:2      | Reached skill level 1 in Short Blades
  1447 | D:2      | Reached XP level 4. HP: 24/24 MP: 12/12
  1571 | D:3      | Learned a level 3 spell: Dazzling Flash
  1576 | D:3      | Learned a level 4 spell: Fulminant Prism
  1614 | D:3      | Found a basalt altar of Yredelemnul.
  1887 | D:3      | Found a runed translucent door.
  1888 | D:3      | Noticed Crazy Yiuf
  1894 | D:3      | Killed Crazy Yiuf
  1895 | D:3      | Reached skill level 1 in Hexes
  1995 | D:3      | Reached XP level 5. HP: 28/28 MP: 13/13
  2047 | D:3      | Found a stormy altar of Qazlal.
  2052 | D:3      | Found a sparkling altar of Nemelex Xobeh.
  2054 | D:3      | Noticed a black bear
  2078 | D:3      | Killed a black bear
  2079 | D:3      | Reached skill level 1 in Staves
  2079 | D:3      | Reached skill level 6 in Conjurations
  2370 | D:4      | Reached XP level 6. HP: 32/32 MP: 14/14
  2484 | D:4      | Noticed Eustachio
  2493 | D:4      | Killed Eustachio
  2913 | D:4      | Noticed Ijyb
  2917 | D:4      | Killed Ijyb
  2973 | D:4      | Noticed Menkaure
  2976 | D:4      | Killed Menkaure
  2977 | D:4      | Reached XP level 7. HP: 19/36 MP: 15/15
  3037 | D:4      | Reached skill level 5 in Hexes
  3367 | D:5      | Entered Level 5 of the Dungeon
  3401 | D:5      | Reached skill level 7 in Conjurations
  3593 | D:5      | Noticed Grinder
  3593 | D:5      | Paralysed by Grinder for 2 turns
  3607 | D:5      | Killed Grinder
  3608 | D:5      | Reached skill level 5 in Spellcasting
  3608 | D:5      | Reached XP level 8. HP: 32/41 MP: 10/17
  3680 | D:5      | Learned a level 4 spell: Iskenderun's Mystic Blast
  3726 | D:5      | Found a staircase to the Ecumenical Temple.
  3734 | Temple   | Entered the Ecumenical Temple
  4290 | D:5      | Reached skill level 8 in Conjurations
  4483 | D:5      | Reached skill level 1 in Translocations
  5252 | D:6      | Noticed Duvessa
  5252 | D:6      | Noticed Dowan
  5262 | D:6      | Killed Duvessa
  5673 | D:6      | Reached skill level 9 in Conjurations
  5673 | D:6      | Reached XP level 9. HP: 42/45 MP: 19/22
  5722 | D:6      | Killed Dowan
  7376 | D:8      | Reached skill level 1 in Fighting
  7376 | D:8      | Reached skill level 10 in Conjurations
  7377 | D:8      | Reached skill level 5 in Translocations
  7379 | D:8      | Reached skill level 5 in Staves
  7789 | D:8      | Noticed Maurice
  7798 | D:8      | Killed Maurice
  7799 | D:8      | Reached XP level 10. HP: 53/53 MP: 19/24
  7800 | D:8      | Noticed Prince Ribbit
  7814 | D:8      | Killed Prince Ribbit
  8025 | D:8      | Found Elerch Ybiul's Antique Weapon Emporium.
  8047 | D:8      | Noticed Maggie
  8058 | D:8      | Killed Maggie
  8324 | D:8      | Identified the +2 robe of Indemnity {Int+2}
  8768 | D:9      | Noticed a two-headed ogre
  8778 | D:9      | Killed a two-headed ogre
  8779 | D:9      | Reached skill level 5 in Dodging
  8779 | D:9      | Reached skill level 11 in Conjurations
  9288 | D:9      | Found a flagged portal.
  9316 | Bailey   | Entered a bailey
  9929 | Bailey   | Noticed a vault guard
 10041 | D:9      | Found a snail-covered altar of Cheibriados.
 10041 | D:9      | Found Cheibriados's Comfort Zone.
 10311 | D:9      | Reached XP level 11. HP: 43/60 MP: 5/26
 10457 | D:9      | Noticed a deep elf pyromancer
 10472 | D:9      | Killed a deep elf pyromancer
 10473 | D:9      | Reached skill level 10 in Spellcasting
 10473 | D:9      | Reached skill level 12 in Conjurations
 10663 | D:9      | Found a shadowy altar of Dithmenos.
 10663 | D:9      | Found a burning altar of Makhleb.
 11049 | D:9      | Noticed an eight-headed hydra
 11062 | D:9      | Slain by an eight-headed hydra

Illustrated notes

Levels and vault maps discovered:
D:1:      scummos_arrival_checkerplants, layout_rooms,
          shapermc_ecumenical_altar_mp_urbaneastern, corner_web_ring,
          minmay_pentomino_t2
D:2:      layout_rooms, grunt_decor_cap
D:3:      layout_rooms, mainiacjoe_overflow_paths,
          nicolae_overflow_hidden_temple, mainiacjoe_overflow_brackets,
          uniq_crazy_yiuf_cottage
D:4:      layout_loops_ring, minmay_misc_feat_rugged, uniq_menkaure,
          uniq_eustachio, uniq_ijyb
D:5:      minmay_chambers_of_fours, layout_cave_pods, temple_statues,
          uniq_grinder
D:6:      layout_gridville, uniq_duvessa
D:7:      layout_basic
D:8:      layout_basic, serial_shops, shop, grunt_livestock, uniq_maurice,
          uniq_maggie, uniq_prince_ribbit1
D:9:      wad_cavern_with_rooms, layout_basic, mainiacjoe_overflow_divided_tiny,
          enter_bailey_4, minmay_shop_chei, minmay_misc_feat_cross,
          kennysheep_decorative_pillar
Temple:   dpeg_chambers_temple

Skill      XL: |  1  2  3  4  5  6  7  8  9 10 11 |
---------------+----------------------------------+-----
Conjurations   | 5 6 7 9 10 11 12 | 12.1
Short Blades   | 1 2 |  2.0
Spellcasting   | 4 5 7 8 9 10 | 10.1
Hexes          | 2 3 4 5 6 |  6.0
Staves         | 1 3 4 5 6 |  6.6
Translocations | 3 5 |  5.0
Dodging        | 4 6 |  6.5
Fighting       | 1 3 |  3.7
Stealth        | |  2.4

Action                   |  1- 3 |  4- 6 |  7- 9 | 10-12 || total
-------------------------+-------+-------+-------+-------++-------
Melee: Dagger            |    17 |     1 |       |       ||    18
       Quarterstaff      |       |     2 |     7 |     2 ||    11
 Cast: Magic Dart        |    73 |    59 |   105 |    57 ||   294
       Searing Ray       |     1 |     9 |    42 |    50 ||   102
       Dazzling Flash    |       |       |     3 |     9 ||    12
       Fulminant Prism   |       |       |    12 |    30 ||    42
       Iskenderun's Myst |       |       |     1 |     2 ||     3
  Use: Scroll            |     1 |     3 |    13 |     3 ||    20
       Potion            |       |       |       |     2 ||     2
 Stab: Sleeping          |       |     1 |       |       ||     1
Armor: Robe              |     3 |       |     3 |     1 ||     7
Dodge: Dodged            |    13 |     1 |    61 |    87 ||   162
       Repelled          |       |     2 |       |     1 ||     3
